 Dungeon Crawl Stone Soup version 0.30-a0-728-gc68057be0a (webtiles) character file.

Game seed: 18423745916251400228

59394 avis the Nimble (level 14, -26/113 HPs)
             Began as a Demigod Hunter on Jan 30, 2023.
             Annihilated by a four-headed hydra simulacrum (38 damage)
             ... on level 1 of the Lair of Beasts on Jan 31, 2023.
             The game lasted 02:27:25 (21023 turns).

avis the Nimble (Demigod Hunter)                   Turns: 21023, Time: 02:27:25

Health: -26/113    AC:  7    Str: 12    XL:     14   Next: 17%
Magic:  22/22      EV: 28    Int: 11    God:
Gold:   890        SH:  0    Dex: 33    Spells: 17/19 levels left

rFire   + . .      SeeInvis .    a - +11 Singing Sword {sonic wave}
rCold   . . .      Faith    .    (no shield)
rNeg    . . .      Spirit   .    S - +0 troll leather armour
rPois   +          Reflect  .    P - +0 helmet
rElec   .          Harm     .    n - +0 cloak
rCorr   .          Rampage  .    g - +0 pair of gloves
Will    +....                    (no boots)
Stlth   ++++                     (no amulet)
HPRegen 1.18/turn                j - ring of protection from fire
MPRegen 0.18/turn                u - ring of poison resistance

@: no status effects
A: high MP 1, forlorn, divine attributes
a: no special abilities


You were on level 1 of the Lair of Beasts.
You visited 3 branches of the dungeon, and saw 19 of its levels.

You collected 1225 gold pieces.
You spent 335 gold pieces at shops.

Inventory:

Hand Weapons
 a - the +11 Singing Sword (weapon) {sonic wave}
   (You found it on level 2 of the Dungeon)
 b - a +3 longbow of flaming
 w - a +0 heavy scimitar
Armour
 g - a +0 pair of gloves (worn)
 n - a +0 cloak (worn)
 P - a +0 helmet (worn)
 S - a +0 troll leather armour (worn)
Magical Staves
 d - a staff of poison
Jewellery
 j - a ring of protection from fire (left hand)
 o - a ring of protection from cold
 r - a ring of see invisible
 u - a ring of poison resistance (right hand)
 B - a ring of willpower
Wands
 i - a wand of polymorph (10)
 s - a wand of charming (23)
 D - a wand of flame (8)
 Q - a wand of iceblast (4)
Scrolls
 k - 7 scrolls of poison
 m - 2 scrolls of immolation
 p - 7 scrolls of teleportation
 y - 2 scrolls of summoning
 K - 2 scrolls of magic mapping
 Y - a scroll of fog
Potions
 l - 2 potions of cancellation
 q - a potion of invisibility
 t - 4 potions of ambrosia
 C - 5 potions of curing
 E - a potion of heal wounds
 F - 2 potions of flight
 G - 3 potions of might
 H - 2 potions of berserk rage
 L - 4 potions of lignification


   Skills:
 - Level 7.0 Fighting
 * Level 12.7 Long Blades
 - Level 12.0 Ranged Weapons
 - Level 14.0 Dodging
 - Level 6.0 Stealth
 - Level 3.0 Spellcasting
 - Level 3.0 Translocations


You had 17 spell levels left.
You knew the following spells:

 Your Spells              Type           Power      Damage    Failure   Level
b - Blink                 Tloc           16%        N/A       14%         2

Your spell library contained the following spells:

 Spells                   Type           Power      Damage    Failure   Level
 Apportation              Tloc           16%        N/A       10%         1
 Lesser Beckoning         Tloc           16%        N/A       14%         2
 Momentum Strike          Conj/Tloc      8%         3d8       26%         2
 Freeze                   Ice            4%         1d3       32%         1
 Necrotise                Necr           4%         1d4       32%         1
 Summon Small Mammal      Summ           4%         N/A       32%         1
 Cigotuvi's Dreadful Rot  Necr/Pois/Air  2%         N/A       45%         2
 Poisonous Vapours        Pois/Air       2%         N/A       45%         2
 Frozen Ramparts          Ice            2%         1d1       69%         3
 Hailstorm                Conj/Ice       1%         3d3       69%         3
 Mephitic Cloud           Conj/Pois/Air  1%         N/A       69%         3
 Animate Armour           Summ/Erth      2%         N/A       97%         4
 Animate Dead             Necr           1%         N/A       97%         4
 Olgreb's Toxic Radiance  Pois           1%         N/A       97%         4
 Blade Hands              Tmut           0%         N/A       100%        5
 Borgnjor's Vile Clutch   Necr/Erth      0%         N/A       100%        5
 Death Channel            Necr           0%         N/A       100%        6
 Iron Shot                Conj/Erth      0%         9d1       100%        6
 Ozocubu's Refrigeration  Ice            0%         4d7       100%        7
 Ignition                 Fire           0%         3d3       100%        8


Dungeon Overview and Level Annotations

Branches:
Dungeon (13/15)            Temple (1/1) D:4            Lair (5/5) D:10
 Shoals (0/4) Lair:2       Spider (0/4) Lair:2        Slime (0/5) Lair:5
    Orc (0/2) D:9
 Vaults: D:13-14

Shops:
D:1 *   D:6 (*   D:8 =!(!   D:10 (

Annotations:
Lair:1 lunkers's ghost, journeyman MeWr


Innate Abilities, Weirdness & Mutations

You have an increased reservoir of magic. (+10% MP)
You shall have no god before yourself.
Your divine heritage dramatically boosts your attributes as you level up.


Message History

The rime drake bites you but does no damage.
The ice dragon bites you but does no damage.
The ice dragon barely misses you. The ice dragon tramples you.
You stumble backwards!
You slice the ice dragon like a ripe choko!!!
The ice dragon is severely wounded.
The ice dragon closely misses you. The ice dragon claws you!
The ice dragon closely misses you.
You slice the ice dragon!!
The ice dragon is almost dead.
The rime drake breathes ice at you. The icy flash freeze misses you.
The ice dragon completely misses you. The ice dragon closely misses you.
The ice dragon tramples you.
You stumble backwards!
You hit the ice dragon.
The ice dragon is almost dead.
The ice dragon completely misses you. The ice dragon claws you!
The ice dragon barely misses you.
You slice the ice dragon!!
You kill the ice dragon!
The ice dragon scales are intact enough to wear.
The rime drake misses you.
You slash the rime drake!
The rime drake is almost dead.
The rime drake closely misses you.
The four-headed hydra simulacrum bites you.
The four-headed hydra simulacrum freezes you!!
The four-headed hydra simulacrum completely misses you.
The four-headed hydra simulacrum bites you but does no damage.
The four-headed hydra simulacrum completely misses you.
You closely miss the rime drake.
The rime drake is almost dead.
The rime drake misses you.
The four-headed hydra simulacrum bites you.
The four-headed hydra simulacrum freezes you!!
* * * LOW HITPOINT WARNING * * *
The four-headed hydra simulacrum bites you.
* * * LOW HITPOINT WARNING * * *
The four-headed hydra simulacrum freezes you!!!
You die...

..........#..# $..?W##..#.....^..
..........##..##|Z###...#........
...........#...####....##........
...........##..........#.....>...
............#......$..##.........
............##.......##..........
...##.#####..###'''###..##.##....
...#### #....Zk[.....#######...
...# ###...@...#.## #.... ...#
##........# ##... ...# #......###
#... ...## ##......## ##... ...P#
#.......P# #.... ...## ##.......#
##... ...# #......## #.... ...#
#......# ##... ...# #......##
#...


You could see a rime drake and a four-headed hydra simulacrum.

Vanquished Creatures
  Kirke (Lair:4)
  Nessos (Lair:4)
  A fire dragon (Lair:5)
  An ice dragon (Lair:1)
  Erolcha (D:13)
  4 hydras
  3 centaur warriors (D:13)
  A boulder beetle (D:13)
  A two-headed ogre (D:9)
  17 death yaks
  Urug (Lair:3)
  Sonja (D:10)
  Amaemon (D:9)
  An orange crystal statue (Lair:4)
  Pikel (D:6)
  A lindwurm (Lair:5)
  3 black mambas
  3 elephants (Lair:1)
  2 slime creatures (D:8)
  A merfolk siren (Lair:2)
  A torpor snail (Lair:1)
  Maggie (D:6)
  2 molten gargoyles (Lair:5)
  A gargoyle (D:11)
  14 cane toads
  An orange demon (D:9)
  Joseph (D:9)
  An unseen horror (D:10)
  4 rime drakes
  11 komodo dragons
  A tengu conjurer (D:13)
  2 hornets (D:9)
  A troll (D:13)
  3 polar bears
  28 blink frogs
  3 dream sheep (Lair:1)
  A spriggan (shapeshifter) (D:13)
  2 culicivoras (Lair:2)
  A shadow (D:10)
  A wraith (D:10)
  A vampire (D:10)
  6 wyverns
  4 basilisks
  38 yaks
  5 hogs (Lair:4)
  6 vampire mosquitoes
  4 steam dragons
  An acid dragon (D:8)
  4 hell hounds (Lair:5)
  21 water moccasins
  4 orc warriors
  A sky beast (D:8)
  5 ogres
  3 black bears
  6 wolves
  7 centaurs
  2 phantoms (D:5)
  3 lemures (D:6)
  2 kobold brigands (D:6)
  10 bullfrogs
  A scorpion (D:5)
  10 wights
  An electric eel (Lair:4)
  9 lava snakes
  3 howler monkeys
  A komodo dragon simulacrum (Lair:1)
  A wyvern simulacrum (Lair:1)
  3 hounds
  6 orc priests
  3 iguanas
  Natasha (thrice) (D:4)
  10 orc wizards
  A gnoll (D:11)
  13 adders
  2 shadow imps
  2 white imps
  2 ufetubi
  4 dart slugs
  28 orcs
  11 bats
  7 endoplasms
  2 giant cockroaches
  4 goblins
  9 hobgoblins
  11 kobolds
  3 quokkas
  5 ball pythons
  3 frilled lizards
  3 rats
  A butterfly (Lair:3)
421 creatures vanquished.

Vanquished Creatures (others)
  3 humans
  37 fungi
  55 plants
95 creatures vanquished.

Grand Total: 516 creatures vanquished

Notes
Turn   | Place    | Note
-------+----------+-------------------------------------------
     0 | D:1      | avis the Demigod Hunter began the quest for the Orb.
     0 | D:1      | Reached XP level 1. HP: 17/17 MP: 3/3
    50 | D:1      | Found Ymaorhok's General Store.
   105 | D:1      | Reached XP level 2. HP: 18/24 MP: 4/4
   141 | D:1      | Reached skill level 2 in Dodging
   503 | D:1      | Bought a scroll of identify for 22 gold pieces
   657 | D:2      | Found the +11 Singing Sword {sonic wave}
   799 | D:2      | Reached XP level 3. HP: 29/29 MP: 5/5
  1115 | D:2      | Reached skill level 3 in Dodging
  1115 | D:2      | Reached skill level 1 in Stealth
  1810 | D:3      | Reached XP level 4. HP: 36/36 MP: 6/6
  2388 | D:4      | Noticed Natasha
  2394 | D:4      | Killed Natasha
  2432 | D:4      | Reached skill level 1 in Long Blades
  2491 | D:4      | Noticed Natasha
  2496 | D:4      | Killed Natasha
  2497 | D:4      | Reached XP level 5. HP: 45/45 MP: 7/7
  2574 | D:4      | Noticed Natasha
  2580 | D:4      | Killed Natasha
  2790 | D:4      | Found a staircase to the Ecumenical Temple.
  2819 | Temple   | Entered the Ecumenical Temple
  3128 | D:5      | Entered Level 5 of the Dungeon
  3205 | D:5      | Noticed an ogre
  3210 | D:5      | Reached XP level 6. HP: 40/51 MP: 8/8
  3541 | D:5      | Reached skill level 5 in Ranged Weapons
  3606 | D:5      | Reached XP level 7. HP: 55/57 MP: 9/9
  3742 | D:5      | Reached skill level 4 in Dodging
  4299 | D:6      | Reached skill level 5 in Dodging
  4451 | D:6      | Noticed Pikel
  4462 | D:6      | Killed Pikel
  4463 | D:6      | Reached skill level 6 in Dodging
  4463 | D:6      | Reached skill level 5 in Stealth
  4463 | D:6      | Reached XP level 8. HP: 49/63 MP: 10/10
  4715 | D:6      | Noticed Maggie
  4733 | D:6      | Killed Maggie
  4736 | D:6      | Reached skill level 5 in Long Blades
  5286 | D:6      | Found Ucehak's General Store.
  5293 | D:6      | Bought a scroll of identify for 28 gold pieces
  5293 | D:6      | Bought a scroll of magic mapping for 105 gold pieces
  5293 | D:6      | Bought a potion of lignification for 42 gold pieces
  5293 | D:6      | Bought a scroll of teleportation for 42 gold pieces
  5344 | D:6      | Found Ileitwag's Antique Weapon Emporium.
  6461 | D:7      | Reached XP level 9. HP: 45/71 MP: 11/11
  7757 | D:8      | Found Jaosch's Weapon Shoppe.
  7906 | D:8      | Found Juituuf's Jewellery Emporium.
  7936 | D:8      | Found Kafruo's Distillery.
  7941 | D:8      | Bought a potion of degeneration for 12 gold pieces
  7941 | D:8      | Bought a potion of flight for 36 gold pieces
  7941 | D:8      | Bought a potion of might for 48 gold pieces
  8370 | D:8      | Found Enurph's Distillery.
  9460 | D:9      | Reached XP level 10. HP: 56/78 MP: 13/13
  9560 | D:9      | Found a staircase to the Orcish Mines.
  9743 | D:9      | Reached skill level 7 in Dodging
  9817 | D:9      | Noticed Amaemon
  9844 | D:9      | Killed Amaemon
  9847 | D:9      | Reached skill level 8 in Dodging
  9982 | D:9      | Noticed Joseph
 10000 | D:9      | Killed Joseph
 10225 | D:9      | Noticed a two-headed ogre
 10236 | D:9      | Killed a two-headed ogre
 10237 | D:9      | Reached skill level 9 in Dodging
 10237 | D:9      | Reached skill level 5 in Fighting
 10786 | D:10     | Entered Level 10 of the Dungeon
 10911 | D:10     | Found Migele Lusad's Weapon Shoppe.
 11224 | D:10     | Found a staircase to the Lair.
 11466 | D:10     | Noticed Sonja
 11489 | D:10     | Killed Sonja
 11490 | D:10     | Reached XP level 11. HP: 59/86 MP: 14/14
 11634 | D:10     | You fall into a shaft and drop 3 floors!
 11668 | D:13     | Noticed a centaur warrior
 11747 | D:13     | Reached skill level 10 in Long Blades
 11750 | D:13     | Noticed a centaur warrior
 11767 | D:13     | Killed a centaur warrior
 11859 | D:13     | Noticed a centaur warrior
 11869 | D:13     | Killed a centaur warrior
 12110 | D:13     | Killed a centaur warrior
 12301 | D:13     | Noticed Erolcha
 12313 | D:13     | Killed Erolcha
 12314 | D:13     | Reached skill level 10 in Ranged Weapons
 12364 | D:13     | Noticed a boulder beetle
 12375 | D:13     | Killed a boulder beetle
 12706 | Lair:1   | Entered Level 1 of the Lair of Beasts
 12723 | Lair:1   | Reached skill level 10 in Dodging
 12849 | Lair:1   | Reached skill level 11 in Dodging
 12983 | Lair:1   | Reached XP level 12. HP: 46/94 MP: 15/15
 13058 | Lair:1   | Noticed lunkers's ghost (journeyman MeWr)
 13241 | Lair:1   | Reached skill level 12 in Dodging
 13271 | Lair:1   | Found a runed translucent gate.
 13271 | Lair:1   | Found a runed translucent gate.
 13271 | Lair:1   | Found a runed translucent gate.
 13380 | Lair:1   | Noticed an ice dragon
 13993 | Lair:1   | Learned a level 2 spell: Blink
 13993 | Lair:1   | Upgraded the game from 0.30-a0-726-gd89dcf765f to
                  | 0.30-a0-728-gc68057be0a
 14026 | Lair:2   | Noticed a five-headed hydra
 14037 | Lair:1   | Killed a five-headed hydra
 14440 | Lair:2   | Found a hole to the Spider Nest.
 15002 | Lair:2   | Found a staircase to the Shoals.
 15274 | Lair:3   | Noticed a seven-headed hydra
 15288 | Lair:2   | Killed a seven-headed hydra
 15867 | Lair:3   | Noticed a four-headed hydra
 15874 | Lair:3   | Killed a four-headed hydra
 16077 | Lair:3   | Reached XP level 13. HP: 101/102 MP: 16/16
 16898 | Lair:4   | Noticed Urug
 16910 | Lair:3   | Killed Urug
 17114 | Lair:4   | Noticed Kirke
 17145 | Lair:4   | Killed Kirke
 17380 | Lair:4   | Noticed Nessos
 17396 | Lair:4   | Reached skill level 13 in Dodging
 17399 | Lair:4   | HP: 1/102 [death yak (18)]
 17567 | Lair:4   | Killed Nessos
 18619 | Lair:5   | Entered Level 5 of the Lair of Beasts
 18732 | Lair:4   | Reached skill level 14 in Dodging
 19330 | Lair:5   | Found a large runed translucent door.
 19348 | Lair:5   | Reached skill level 1 in Spellcasting
 19348 | Lair:5   | Reached skill level 1 in Translocations
 19494 | Lair:5   | Reached XP level 14. HP: 89/111 MP: 22/22
 19889 | Lair:5   | Found a staircase to the Slime Pits.
 20035 | Lair:5   | Found a large runed translucent door.
 20804 | D:7      | Got Sif Muna's Tome of Formation
 21023 | Lair:1   | Annihilated by a four-headed hydra simulacrum

Illustrated notes

Levels and vault maps discovered:
D:1:      saegor_arrival_simple_b, layout_rooms, ebering_ecumenical_altar_rust,
          serial_shops, nicolae_shop_hallway_stairs
D:2:      layout_basic, serial_park_tiny_pond
D:3:      layout_loops_cross
D:4:      layout_loops_cross, mainiacjoe_overflow_catwalk, temple_statues,
          uniq_natasha
D:5:      layout_basic
D:6:      layout_cave_pools, amcnicky_altar_gilded, serial_shops,
          nicolae_shop_statue_plus, nicolae_diamond_shop,
          chequers_serial_rivers_micro_c, kennysheep_generic_room_9,
          uniq_maggie, uniq_pikel
D:7:      layout_layer_cave, led_sif_book,
          nicolae_dithmenos_through_a_glass_darkly,
          eat_drink_and_be_merry_uskayaw, nicolae_kikubaaqudgha_miasma_corner
D:8:      layout_basic, grunt_qazlal_sundering, serial_shops, shop_statue,
          nicolae_shop_bloodbath_and_beyond, nicolae_stop_n_shop_2, shop,
          roderic_serpentine_path
D:9:      layout_gridville, orc_0_dummy, uniq_joseph, uniq_amaemon
D:10:     layout_roguey, david_lair_shrubbed, serial_shops,
          nicolae_stop_n_shop_2, uniq_sonja
D:11:     minmay_bubble_buster, layout_loops_ring, trog_hazing_becter,
          uniq_fannar
D:12:     layout_cave_pools
D:13:     layout_basic, ximxim_vaults_locker_room, dk_noncrumbling_3,
          grunt_gozag_statues, uniq_erolcha
Temple:   nicolae_temple_bog_church
Lair:1:   layout_big_grid, gammafunk_ghost_icy, chequers_serial_rivers_micro_c,
          roderic_batcave
Lair:2:   layout_regular_city, minmay_shoals_entry_lonely_mermaid,
          hellmonk_spider_entry_life_and_decay
Lair:3:   layout_small_grid, beast_lair_carwin_3, grunt_megastairs_3,
          lemuel_fruit_fields, serial_bayou_shore_b, lemuel_fruit_tree
Lair:4:   layout_roguey, disabler_island, grunt_megastairs_2,
          infiniplex_staircase_pool, uniq_kirke, uniq_urug, uniq_nessos
Lair:5:   cheibrodos_lair_end_hotspot, layout_misc_corridors,
          dpeg_slime_entry_corner

Skill      XL: |  1  2  3  4  5  6  7  8  9 10 11 12 13 14 |
---------------+-------------------------------------------+-----
Fighting       | 2 3 4 5 6 7 |  7.0
Ranged Weapons | 4 5 6 8 10 11 12 | 12.0
Dodging        | 2 3 6 9 11 12 14 | 14.0
Stealth        | 2 5 6 |  6.0
Long Blades    | 2 3 4 6 8 9 10 12 | 12.7
Spellcasting   | 3 |  3.0
Translocations | 3 |  3.0

Action                     |  1- 3 |  4- 6 |  7- 9 | 10-12 | 13-15 || total
---------------------------+-------+-------+-------+-------+-------++-------
  Melee: Double sword      |     5 |    31 |   101 |   191 |   177 ||   505
         Punch             |       |     1 |     3 |     2 |     4 ||    10
   Fire: Shortbow          |    81 |    52 |   164 |   456 |   117 ||   870
         Longbow           |       |       |       |       |   142 ||   142
   Cast: Blink             |       |       |       |     1 |    18 ||    19
    Use: Scroll            |     3 |     1 |     6 |     8 |     5 ||    23
         Potion            |       |       |     2 |     5 |     3 ||    10
   Stab: Distracted        |       |       |     1 |     1 |     1 ||     3
 Armour: Leather armour    |     5 |     8 |    11 |       |       ||    24
         Robe              |       |       |    17 |    47 |       ||    64
         Troll leather arm |       |       |       |    23 |    30 ||    53
  Dodge: Dodged            |     8 |    21 |   113 |   538 |   360 ||  1040

Table legend: (Time is in decaauts)
 A = Elapsed time spent in this place.
 B = Non-inter-level travel time spent in this place.
 C = Inter-level travel time spent in this place.
 D = Time resting spent in this place.
 E = Time spent auto-exploring this place.
 F = Levels seen in this place.
 G = Mean time per level.
                   A        B        C        D        E       F      G
               +--------+--------+--------+--------+--------+-----+--------+
         Total |  21120 |  18158 |   2962 |   4663 |   7687 |  19 | 1111.6 |
       Dungeon |  13035 |  10958 |   2077 |   2909 |   5041 |  13 | 1002.7 |
        Temple |    197 |    188 |      9 |    113 |      0 |   1 |  197.0 |
          Lair |   7887 |   7011 |    876 |   1641 |   2646 |   5 | 1577.4 |
               +--------+--------+--------+--------+--------+-----+--------+

Top non-repeatable levels by time:
  Lair:4: 1870 daAuts
     D:8: 1865 daAuts
     D:7: 1825 daAuts
     D:5: 1821 daAuts
  Lair:3: 1627 daAuts
  Lair:1: 1515 daAuts
     D:9: 1497 daAuts
  Lair:5: 1455 daAuts
  Lair:2: 1418 daAuts
     D:2: 1035 daAuts
     D:4: 992 daAuts
    D:10: 887 daAuts
    D:13: 857 daAuts
     D:6: 787 daAuts
     D:3: 743 daAuts
